TOP OF THE 1ST |
Cincinnati (NYP) Reds batting - Pitching for Los Angeles (NYP) Dodgers : LHP Terry LaPlante
|
Pitching: LHP Terry LaPlante
|
|
Batting: RHB Cyd Carver
|
0-0: Called Strike 0-1: Foul Ball, location: 2F 0-2: Strikes out swinging
|
Batting: RHB Jake Savell
|
0-0: Ball 1-0: Ball 2-0: Fly out, F8 (Line Drive, 8RD, EV 98.8 MPH)
|
Batting: RHB Pat McCoy
|
0-0: Called Strike 0-1: Ball 1-1: Ball 2-1: SINGLE (Flyball, 89S, EV 91.9 MPH)
|
Batting: LHB Leo Gomez
|
0-0: Ball 1-0: Ball 2-0: Ball 3-0: Swinging Strike 3-1: Called Strike 3-2: Foul Ball, location: 2F 3-2: Foul Ball, location: 2F 3-2: Strikes out looking
|
Top of the 1st over - 0 runs, 1 hit, 0 errors, 1 left on base; Cincinnati (NYP) 0 - Los Angeles (NYP) 0 |
BOTTOM OF THE 1ST |
Los Angeles (NYP) Dodgers batting - Pitching for Cincinnati (NYP) Reds : LHP Davy Thorne
|
Pitching: LHP Davy Thorne
|
|
Batting: RHB Theo Schepers
|
0-0: Foul Ball, location: 2F 0-1: Called Strike 0-2: Ball 1-2: Strikes out swinging
|
Batting: RHB Ruben Serrata
|
0-0: Ground out 5-3 (Groundball, 5, EV 104.4 MPH)
|
Batting: SHB Guy Jerome
|
0-0: Called Strike 0-1: Ball 1-1: Ball 2-1: Swinging Strike 2-2: DOUBLE (Line Drive, 89D, EV 108.8 MPH)
|
Batting: RHB Manny Mendoza
|
0-0: Ball 1-0: Ball Wild Pitch! Guy Jerome to third 2-0: Ball 3-0: Called Strike 3-1: Ground out 6-3 (Groundball, 6, EV 90.0 MPH)
|
Bottom of the 1st over - 0 runs, 1 hit, 0 errors, 1 left on base; Cincinnati (NYP) 0 - Los Angeles (NYP) 0 |
TOP OF THE 2ND |
Cincinnati (NYP) Reds batting - Pitching for Los Angeles (NYP) Dodgers : LHP Terry LaPlante
|
Batting: RHB Sang-ton Pak
|
0-0: Swinging Strike 0-1: Ball 1-1: Foul Ball, location: 2F 1-2: Foul Ball, location: 2F 1-2: Foul Ball, location: 2F 1-2: Ball 2-2: Ball 3-2: Foul Ball, location: 2F 3-2: Strikes out looking
|
Batting: SHB Jaivata Mohanty
|
0-0: Called Strike 0-1: Ball 1-1: Ball 2-1: Ball 3-1: Base on Balls
|
Batting: RHB Jamie Ingram
|
0-0: Called Strike 0-1: Ball 1-1: DOUBLE (Line Drive, 89XD, EV 103.8 MPH) Jaivata Mohanty to third Runner from 3rd tries for Home, SAFE, throw by RF to home
|
Batting: RHB R.J. Romberg
|
0-0: Ball 1-0: Called Strike 1-1: Ball 2-1: Swinging Strike Passed Ball! Jamie Ingram to third 2-2: Strikes out swinging
|
Batting: RHB John Hopkins
|
0-0: Ball 1-0: Called Strike 1-1: Swinging Strike 1-2: Strikes out looking
|
Top of the 2nd over - 1 run, 1 hit, 0 errors, 1 left on base; Cincinnati (NYP) 1 - Los Angeles (NYP) 0 |
BOTTOM OF THE 2ND |
Los Angeles (NYP) Dodgers batting - Pitching for Cincinnati (NYP) Reds : LHP Davy Thorne
|
Batting: LHB Chris Buchan
|
0-0: Called Strike 0-1: Ground out U3 (Groundball, 34, EV 83.8 MPH)
|
Batting: RHB Kevin Ezell
|
0-0: Ball 1-0: Called Strike 1-1: Foul Ball, location: 2F 1-2: Foul Ball, location: 2F 1-2: SINGLE (Groundball, 6MD, EV 97.5 MPH)
|
Batting: LHB Fernão Manta
|
0-0: Called Strike 0-1: Fielders Choice at 2nd, 3-6 (Groundball, 3, EV 97.5 MPH)
|
Batting: LHB Jim Jardine
|
0-0: Called Strike 0-1: Ball 1-1: Ball 2-1: Fielders Choice at 2nd, 5-4 (Groundball, 56, EV 92.5 MPH)
|
Bottom of the 2nd over - 0 runs, 1 hit, 0 errors, 1 left on base; Cincinnati (NYP) 1 - Los Angeles (NYP) 0 |
TOP OF THE 3RD |
Cincinnati (NYP) Reds batting - Pitching for Los Angeles (NYP) Dodgers : LHP Terry LaPlante
|
Batting: RHB Cyd Carver
|
0-0: Called Strike 0-1: Swinging Strike 0-2: Ground out 6-3 (Groundball, 6, EV 77.5 MPH)
|
Batting: RHB Jake Savell
|
0-0: Fly out, F8 (Flyball, 89M, EV 89.4 MPH)
|
Batting: RHB Pat McCoy
|
0-0: Ball 1-0: Ball 2-0: Called Strike 2-1: Swinging Strike 2-2: Strikes out swinging
|
Top of the 3rd over - 0 runs, 0 hits, 0 errors, 0 left on base; Cincinnati (NYP) 1 - Los Angeles (NYP) 0 |
BOTTOM OF THE 3RD |
Los Angeles (NYP) Dodgers batting - Pitching for Cincinnati (NYP) Reds : LHP Davy Thorne
|
Batting: RHB Kekoa Kahele
|
0-0: Called Strike 0-1: Ball 1-1: Swinging Strike 1-2: Ground out 6-3 (Groundball, 6M, EV 88.1 MPH)
|
Batting: RHB Theo Schepers
|
0-0: Ball 1-0: Swinging Strike 1-1: Foul Ball, location: 2F 1-2: Strikes out swinging
|
Batting: RHB Ruben Serrata
|
0-0: Foul Ball, location: 2F 0-1: Ball 1-1: Fly out, F9 (Flyball, 89M, EV 93.8 MPH)
|
Bottom of the 3rd over - 0 runs, 0 hits, 0 errors, 0 left on base; Cincinnati (NYP) 1 - Los Angeles (NYP) 0 |
TOP OF THE 4TH |
Cincinnati (NYP) Reds batting - Pitching for Los Angeles (NYP) Dodgers : LHP Terry LaPlante
|
Batting: LHB Leo Gomez
|
0-0: Swinging Strike 0-1: Foul Ball, location: 2F 0-2: Ball 1-2: Ball 2-2: Ball 3-2: Hit by Pitch
|
Batting: RHB Sang-ton Pak
|
0-0: Ball 1-0: Called Strike Leo Gomez steals 2nd, throwing error, E2 Leo Gomez to third 1-1: Ball 2-1: Foul Ball, location: 2F 2-2: Foul Ball, location: 2F 2-2: Strikes out swinging
|
Batting: SHB Jaivata Mohanty
|
0-0: Called Strike 0-1: Foul Ball, location: 2F 0-2: Strikes out swinging
|
Batting: RHB Jamie Ingram
|
0-0: Foul Ball, location: 2F 0-1: Ground out 3-1 (Groundball, 34, EV 85.0 MPH)
|
Top of the 4th over - 0 runs, 0 hits, 1 error, 1 left on base; Cincinnati (NYP) 1 - Los Angeles (NYP) 0 |
BOTTOM OF THE 4TH |
Los Angeles (NYP) Dodgers batting - Pitching for Cincinnati (NYP) Reds : LHP Davy Thorne
|
Batting: SHB Guy Jerome
|
0-0: Swinging Strike 0-1: Swinging Strike 0-2: Foul Ball, location: 2F 0-2: Ball 1-2: Strikes out looking
|
Batting: RHB Manny Mendoza
|
0-0: Called Strike 0-1: Ball 1-1: Called Strike 1-2: Foul Ball, location: 2F 1-2: SINGLE (Flyball, 34D, EV 90.0 MPH)
|
Batting: LHB Chris Buchan
|
0-0: Called Strike 0-1: Swinging Strike 0-2: Ball 1-2: Fly out, F7 (Flyball, 78S, EV 90.6 MPH)
|
Batting: RHB Kevin Ezell
|
0-0: Called Strike 0-1: Foul Ball, location: 2F 0-2: Ball 1-2: Ball 2-2: Ball 3-2: Foul Ball, location: 2F 3-2: Base on Balls Manny Mendoza to second
|
Batting: LHB Fernão Manta
|
0-0: Called Strike 0-1: Swinging Strike 0-2: Foul Ball, location: 2F 0-2: Foul Ball, location: 2F 0-2: Strikes out swinging
|
Bottom of the 4th over - 0 runs, 1 hit, 0 errors, 2 left on base; Cincinnati (NYP) 1 - Los Angeles (NYP) 0 |
TOP OF THE 5TH |
Cincinnati (NYP) Reds batting - Pitching for Los Angeles (NYP) Dodgers : LHP Terry LaPlante
|
Batting: RHB R.J. Romberg
|
0-0: Called Strike 0-1: Ball 1-1: Swinging Strike 1-2: Fly out, F8 (Flyball, 8LM, EV 97.5 MPH)
|
Batting: RHB John Hopkins
|
0-0: Ball 1-0: Called Strike 1-1: Swinging Strike 1-2: Strikes out swinging
|
Batting: RHB Cyd Carver
|
0-0: Ball 1-0: Foul Ball, location: 2F 1-1: Ball 2-1: Fly out, F8 (Flyball, 8RM, EV 83.8 MPH)
|
Top of the 5th over - 0 runs, 0 hits, 0 errors, 0 left on base; Cincinnati (NYP) 1 - Los Angeles (NYP) 0 |
BOTTOM OF THE 5TH |
Los Angeles (NYP) Dodgers batting - Pitching for Cincinnati (NYP) Reds : LHP Davy Thorne
|
Batting: LHB Jim Jardine
|
0-0: Swinging Strike 0-1: Swinging Strike 0-2: Ball 1-2: Ball 2-2: Foul Ball, location: 2F 2-2: Strikes out swinging
|
Batting: RHB Kekoa Kahele
|
0-0: Ball 1-0: Called Strike 1-1: Called Strike 1-2: DOUBLE (Line Drive, 8RD, EV 111.2 MPH)
|
Batting: RHB Theo Schepers
|
0-0: Foul Ball, location: 2F 0-1: Ball 1-1: Ball 2-1: Ball 3-1: Fly out, F9 (Flyball, 9D, EV 98.1 MPH) Runner from 2nd tags up, SAFE at 3rd, no throw by RF
|
Batting: RHB Ruben Serrata
|
0-0: Ball 1-0: Swinging Strike 1-1: Called Strike 1-2: Strikes out swinging
|
Bottom of the 5th over - 0 runs, 1 hit, 0 errors, 1 left on base; Cincinnati (NYP) 1 - Los Angeles (NYP) 0 |
TOP OF THE 6TH |
Cincinnati (NYP) Reds batting - Pitching for Los Angeles (NYP) Dodgers : LHP Terry LaPlante
|
Batting: RHB Jake Savell
|
0-0: Called Strike 0-1: Hit by Pitch
|
Batting: RHB Pat McCoy
|
0-0: Ball 1-0: DOUBLE (Line Drive, 9LM, EV 110.0 MPH) Jake Savell to third
|
Batting: LHB Leo Gomez
|
0-0: Called Strike 0-1: Foul Ball, location: 2F 0-2: Strikes out swinging
|
Batting: RHB Sang-ton Pak
|
0-0: Intentional Walk
|
Batting: SHB Jaivata Mohanty
|
0-0: Ball 1-0: Called Strike 1-1: Foul Ball, location: 2F 1-2: Strikes out swinging
|
Batting: RHB Jamie Ingram
|
0-0: Foul Ball, location: 2F 0-1: Foul Ball, location: 2F 0-2: Ball 1-2: Ball 2-2: Reached on error, E3 (Groundball, 34, EV 107.5 MPH) Jake Savell scores Pat McCoy to third Sang-ton Pak to second
|
Batting: RHB R.J. Romberg
|
0-0: Called Strike 0-1: Hit by Pitch Pat McCoy scores Sang-ton Pak to third Jamie Ingram to second
|
Pitching: RHP Cameron Williams
|
|
Batting: RHB John Hopkins
|
0-0: Called Strike 0-1: Fielders Choice at 2nd, 5-4 (Groundball, 56, EV 111.2 MPH)
|
Top of the 6th over - 2 runs, 1 hit, 1 error, 3 left on base; Cincinnati (NYP) 3 - Los Angeles (NYP) 0 |
BOTTOM OF THE 6TH |
Los Angeles (NYP) Dodgers batting - Pitching for Cincinnati (NYP) Reds : LHP Davy Thorne
|
Batting: SHB Guy Jerome
|
0-0: Ball 1-0: Called Strike 1-1: Foul Ball, location: 2F 1-2: Strikes out looking
|
Batting: RHB Manny Mendoza
|
0-0: Called Strike 0-1: Ball 1-1: Swinging Strike 1-2: Foul Ball, location: 2F 1-2: Ball 2-2: DOUBLE (Groundball, 5L, EV 105.0 MPH)
|
Pitching: LHP Jeff Wall
|
|
Batting: LHB Chris Buchan
|
0-0: 2-RUN HOME RUN (Flyball, 89XD, EV 116.2 MPH), Distance : 436 ft
|
Batting: RHB Kevin Ezell
|
0-0: Called Strike 0-1: Ball 1-1: Called Strike 1-2: Strikes out swinging
|
Batting: LHB Fernão Manta
|
0-0: Swinging Strike 0-1: Ball 1-1: Called Strike 1-2: Strikes out swinging
|
Bottom of the 6th over - 2 runs, 2 hits, 0 errors, 0 left on base; Cincinnati (NYP) 3 - Los Angeles (NYP) 2 |
TOP OF THE 7TH |
Cincinnati (NYP) Reds batting - Pitching for Los Angeles (NYP) Dodgers : RHP Cameron Williams
|
Batting: RHB Cyd Carver
|
0-0: Ball 1-0: Swinging Strike 1-1: Ground out 1-3 (Groundball, 13S, EV 72.5 MPH)
|
Batting: RHB Jake Savell
|
0-0: Ground out 4-3 (Groundball, 4, EV 88.1 MPH)
|
Batting: RHB Pat McCoy
|
0-0: Ball 1-0: Called Strike 1-1: Ball 2-1: SINGLE (Groundball, 56, EV 105.0 MPH)
|
Batting: LHB Leo Gomez
|
0-0: Called Strike Pat McCoy steals 2nd base 0-1: Ball 1-1: Intentional Walk
|
Batting: RHB Sang-ton Pak
|
0-0: Ball 1-0: Called Strike 1-1: Ball 2-1: Called Strike 2-2: Strikes out swinging
|
Top of the 7th over - 0 runs, 1 hit, 0 errors, 2 left on base; Cincinnati (NYP) 3 - Los Angeles (NYP) 2 |
BOTTOM OF THE 7TH |
Los Angeles (NYP) Dodgers batting - Pitching for Cincinnati (NYP) Reds : LHP Jeff Wall
|
Batting: LHB Jim Jardine
|
0-0: SOLO HOME RUN (Flyball, 78XD, EV 111.9 MPH), Distance : 442 ft
|
Batting: RHB Kekoa Kahele
|
0-0: Called Strike 0-1: Ground out 3-1 (Groundball, 13, EV 85.0 MPH)
|
Batting: RHB Theo Schepers
|
0-0: Called Strike 0-1: Called Strike 0-2: Foul Ball, location: 2F 0-2: Ball 1-2: Ball 2-2: SINGLE (Groundball, 13S, EV 70.6 MPH) (infield hit)
|
Batting: RHB Ruben Serrata
|
0-0: Fly out, F4 (Popup, 4M, EV 75.6 MPH)
|
Pinch Hitting: RHB Robby Cuellar
|
0-0: Called Strike Theo Schepers steals 2nd base 0-1: Foul Ball, location: 2F 0-2: Ball 1-2: Ball 2-2: DOUBLE (Line Drive, 8RXD, EV 105.6 MPH) Theo Schepers scores
|
Pitching: RHP Nick Miller
|
|
Batting: RHB Manny Mendoza
|
0-0: Ball 1-0: Ball 2-0: Called Strike 2-1: Ball 3-1: Swinging Strike 3-2: Foul Ball, location: 2F 3-2: Base on Balls
|
Batting: LHB Chris Buchan
|
0-0: Ball 1-0: Ball 2-0: Ball 3-0: Called Strike 3-1: Foul Ball, location: 2F 3-2: Base on Balls Robby Cuellar to third Manny Mendoza to second
|
Batting: RHB Kevin Ezell
|
0-0: Swinging Strike 0-1: Ball 1-1: Foul Ball, location: 2F 1-2: Strikes out swinging
|
Bottom of the 7th over - 2 runs, 3 hits, 0 errors, 3 left on base; Cincinnati (NYP) 3 - Los Angeles (NYP) 4 |
TOP OF THE 8TH |
Cincinnati (NYP) Reds batting - Pitching for Los Angeles (NYP) Dodgers : RHP Cameron Williams
|
Now at 2B: Jim Jardine
|
|
Now at 3B: Bobby Gambrell
|
|
Batting: SHB Jaivata Mohanty
|
0-0: Ball 1-0: Ball 2-0: Foul Ball, location: 2F 2-1: Foul Ball, location: 2F 2-2: Ball 3-2: Foul Ball, location: 2F 3-2: DOUBLE (Line Drive, 8LXD, EV 106.2 MPH)
|
Pinch Hitting: SHB Kristian Kristensen
|
0-0: Ball 1-0: Called Strike 1-1: Ball 2-1: Ball 3-1: Base on Balls
|
Pinch Hitting: SHB Tim Utz
|
0-0: Ball 1-0: Ball 2-0: Foul Ball, location: 2F 2-1: Ball 3-1: Grounds into double play, 4-6-3 (Groundball, 4, EV 83.8 MPH) Jaivata Mohanty to third
|
Batting: RHB Yasusaburo Kuwahara
|
0-0: Called Strike 0-1: Ball 1-1: Called Strike 1-2: Strikes out swinging
|
Top of the 8th over - 0 runs, 1 hit, 0 errors, 1 left on base; Cincinnati (NYP) 3 - Los Angeles (NYP) 4 |
BOTTOM OF THE 8TH |
Los Angeles (NYP) Dodgers batting - Pitching for Cincinnati (NYP) Reds : RHP Nick Miller
|
Now at 1B: Ben Hinman
|
|
Now in RF: Jay Jacobson
|
|
Batting: LHB Fernão Manta
|
0-0: Ball 1-0: Ground out 4-3 (Groundball, 34D, EV 106.2 MPH)
|
Batting: LHB Jim Jardine
|
0-0: Ball 1-0: Foul Ball, location: 2F 1-1: Ball 2-1: Foul Ball, location: 2F 2-2: Foul Ball, location: 2F 2-2: Foul Ball, location: 2F 2-2: Foul Ball, location: 2F 2-2: Ball 3-2: Base on Balls
|
Batting: RHB Kekoa Kahele
|
0-0: Swinging Strike 0-1: Foul Ball, location: 2F 0-2: Foul Ball, location: 2F 0-2: Strikes out swinging
|
Pitching: LHP Israel Serrano
|
|
Batting: RHB Theo Schepers
|
0-0: Ball 1-0: Ball 2-0: Ball 3-0: SINGLE (Groundball, 6MD, EV 97.5 MPH) Jim Jardine to second Runner from 2nd tries for 3rd, SAFE, throw by CF made to third
|
Batting: RHB Ruben Serrata
|
0-0: SINGLE (Flyball, 6D, EV 93.1 MPH) Jim Jardine scores Theo Schepers to second
|
Batting: LHB Bobby Gambrell
|
0-0: 3-RUN HOME RUN (Flyball, 78XD, EV 105.0 MPH), Distance : 425 ft
|
Batting: RHB Manny Mendoza
|
0-0: Ball 1-0: Called Strike 1-1: Foul Ball, location: 2F 1-2: Ball 2-2: Ball 3-2: DOUBLE (Groundball, 3L, EV 95.6 MPH)
|
Batting: LHB Chris Buchan
|
0-0: Foul Ball, location: 2F 0-1: Called Strike 0-2: Fly out, F2 (Popup, 23F, EV 90.6 MPH)
|
Bottom of the 8th over - 4 runs, 4 hits, 0 errors, 1 left on base; Cincinnati (NYP) 3 - Los Angeles (NYP) 8 |
TOP OF THE 9TH |
Cincinnati (NYP) Reds batting - Pitching for Los Angeles (NYP) Dodgers : RHP Cameron Williams
|
Batting: RHB Cyd Carver
|
0-0: Ground out 6-3 (Groundball, 6, EV 80.0 MPH)
|
Batting: RHB Jake Savell
|
0-0: Ground out 2-3 (Groundball, 13S, EV 72.5 MPH)
|
Batting: RHB Pat McCoy
|
0-0: Called Strike 0-1: Foul Ball, location: 2F 0-2: Reached on error, E5 (Groundball, 56, EV 82.5 MPH)
|
Pitching: RHP Troy Conners
|
|
Batting: LHB Leo Gomez
|
0-0: Fly out, F9 (Flyball, 9D, EV 93.1 MPH)
|
Top of the 9th over - 0 runs, 0 hits, 1 error, 1 left on base; Cincinnati (NYP) 3 - Los Angeles (NYP) 8 |
|